 Dungeon Crawl Stone Soup version 0.20.1-1-g8b1a95d (webtiles) character file.

5189 lorenzova the Thaumaturge (level 10, -1/50 HPs)
             Began as a Deep Elf Conjurer on Oct 25, 2017.
             Was an Elder of Sif Muna.
             Slain by an orc warrior
             ... wielding a +0 scimitar
              (10 damage)
             ... on level 9 of the Dungeon.
             The game lasted 00:22:53 (9807 turns).

lorenzova the Thaumaturge (Deep Elf Conjurer)       Turns: 9807, Time: 00:22:53

Health: -1/50      AC:  8    Str:  5    XL:     10   Next: 34%
Magic:  2/28       EV:  9    Int: 27    God:    Sif Muna [****..]
Gold:   397        SH:  0    Dex: 15    Spells: 22/33 levels left

rFire    . . .     SeeInvis .   w - +2 short sword (elec)
rCold    . . .     Gourm    .   (no shield)
rNeg     . . .     Faith    .   E - +2 ring mail {rPois}
rPois    +         Spirit   .   (no helmet)
rElec    .         Reflect  .   y - +0 cloak
rCorr    .         Harm     .   (no gloves)
MR       +++..                  (no boots)
Stlth    +.........             (no amulet)
Regen    0.2/turn               H - ring of the Mage {Wiz MR++ Int+3}
MPRegen  0.3/turn               (no ring)

@: hasted, very quick
A: no striking features
a: Divine Energy, Channel Magic, Forget Spell, Renounce Religion


You were on level 9 of the Dungeon.
You worshipped Sif Muna.
Sif Muna was greatly pleased with you.
You were not hungry.

You visited 2 branches of the dungeon, and saw 10 of its levels.

You collected 397 gold pieces.

Inventory:

Hand Weapons
 f - a +0 short sword
 t - a +2 mace of crushing
 w - a +2 short sword of electrocution (weapon)
Armour
 a - a +0 robe
 x - a +2 robe of magic resistance
 y - a +0 cloak (worn)
 E - a +2 ring mail of poison resistance (worn)
Jewellery
 H - the ring of the Mage (left hand) {Wiz MR++ Int+3}
   (You found it on level 6 of the Dungeon)

   [ring of wizardry]

   It improves your spell success rate.
   It affects your intelligence (+3).
   It affects your resistance to hostile enchantments.
Scrolls
 d - a scroll of enchant weapon {unknown}
 e - a scroll of identify
 g - 2 scrolls of recharging {unknown}
 h - a scroll of random uselessness {unknown}
 i - 4 scrolls of teleportation {unknown}
 k - 5 scrolls of remove curse
 m - a scroll of fear {unknown}
 o - 3 scrolls of noise {unknown}
 s - a scroll of enchant armour {unknown}
 B - 2 scrolls of magic mapping {unknown}
 N - a scroll of vulnerability {unknown}
Potions
 l - 2 potions of curing
 n - a potion of haste
 r - 2 potions of ambrosia
 u - 2 potions of agility
 z - a potion of mutation
 D - a potion of invisibility
 G - a potion of might
 I - a potion of berserk rage {unknown}
 J - 2 potions of flight {unknown}
 K - a potion of lignification {unknown}
 R - a potion of brilliance {unknown}
 T - 4 potions of heal wounds {unknown}
Books
 b - a book of Conjurations

   Spells                             Type                      Level
   a - Magic Dart                     Conjuration                  1
   b - Searing Ray                    Conjuration                  2
   c - Dazzling Spray                 Conjuration/Hexes            3
   d - Fulminant Prism                Conjuration/Hexes            4
   e - Force Lance                    Conjuration/Translocation    4
   f - Iskenderun's Mystic Blast      Conjuration                  4
 C - a book of Misfortune

   Spells                             Type                      Level
   a - Confusing Touch                Hexes                        1
   b - Confuse                        Hexes                        3
   c - Gell's Gravitas                Translocation                3
   d - Petrify                        Transmutation/Earth          4
   e - Metabolic Englaciation         Hexes/Ice                    5
   f - Yara's Violent Unravelling     Hexes/Transmutation          5
 L - a book of Maledictions

   Spells                             Type                      Level
   a - Corona                         Hexes                        1
   b - Ensorcelled Hibernation        Hexes/Ice                    2
   c - Confuse                        Hexes                        3
   d - Tukima's Dance                 Hexes                        3
   e - Dazzling Spray                 Conjuration/Hexes            3
 P - a book of Cantrips

   Spells                             Type                      Level
   a - Confusing Touch                Hexes                        1
   b - Animate Skeleton               Necromancy                   1
   c - Summon Small Mammal            Summoning                    1
   d - Apportation                    Translocation                1
Comestibles
 c - 7 bread rations
 j - 4 meat rations
 p - 5 royal jellies
 q - 6 fruits


   Skills:
 - Level 2.4 Dodging
 - Level 2.4 Stealth
 * Level 12.4 Spellcasting
 * Level 11.1 Conjurations
 + Level 7.5 Hexes
 * Level 5.0 Invocations


You had 22 spell levels left.
You knew the following spells:

 Your Spells              Type           Power        Failure   Level  Hunger
a - Magic Dart            Conj           ####         1%          1    None
b - Searing Ray           Conj           ######       1%          2    None
c - Iskenderun's Mystic   Conj           ######..     1%          4    None
d - Fulminant Prism       Conj/Hex       ######....   1%          4    None


Dungeon Overview and Level Annotations

Branches:
Dungeon (9/15)             Temple (1/1) D:4
   Lair: D:8-11         Orc: D:9-12

Altars:
Ashenzari
Cheibriados
Dithmenos
Gozag
Hepliaklqana
Makhleb
Nemelex Xobeh
Qazlal
Sif Muna
Trog
Uskayaw
Vehumet
Xom
Yredelemnul
Zin

Shops:
D:7 (


Message History

Aim: an orc warrior, wielding a scimitar and wearing a chain mail (almost dead)
The orb of energy misses the orc warrior.
The orb of energy hits the orc.
You kill the orc!
Sif Muna accepts your kill.
Casting: Iskenderun's Mystic Blast
Confirm with . or Enter, or press ? or * to list all spells.
Aiming: Iskenderun's Mystic Blast
Press: ? - help, Shift-Dir - straight line, f/p - orc warrior
Aim: an orc warrior, wielding a scimitar and wearing a chain mail (almost dead)
The orb of energy misses the orc warrior.
An orc warrior is nearby!
A wyvern zombie comes into view.
A troll comes into view.
The troll shouts!
The orc warrior hits you with a scimitar!
* * * LOW HITPOINT WARNING * * *
You feel yourself speed up.
The orc warrior hits you with a scimitar!
You die...

#......# #........... ###......#
#........... .........#
#...........
#..........######...........
#...........................
#++##..................########.
##..##........T.........# #.
.(..#....#####.o..###### #.
#.......# #.@..# #. #.......#
#....##### #. #.......#
#..[.....# #. ###.......#
#........# #.
..........#####........# ##
...................†...+
.......########........#
..###### #........+ #.#
#........#


You could see a troll and an orc warrior.

Vanquished Creatures
  A hippogriff (D:7)
  A spriggan (D:7)
  Sigmund (D:2)
  A steam dragon (D:9)
  Grum (D:7)
  Edmund (D:6)
  A water moccasin (D:6)
  5 orc warriors
  4 sky beasts
  2 ice beasts
  2 phantoms
  2 ogres
  3 wolves
  4 centaurs
  5 bullfrogs
  3 scorpions
  4 wights (D:8)
  8 killer bees
  2 howler monkeys
  A crimson imp (D:8)
  4 hounds
  A jelly (D:8)
  5 orc priests
  Crazy Yiuf (D:4)
  8 orc wizards
  Jessica (D:3)
  3 iguanas (D:6)
  9 worker ants
  A hound skeleton (D:8)
  7 gnolls
  11 adders
  2 adder zombies (D:5)
  3 worms
  2 dart slugs (D:2)
  4 leopard geckos
  44 orcs
  7 bats
  6 giant cockroaches
  6 goblins
  9 hobgoblins
  5 jackals (D:3)
  2 quokkas
  2 ball pythons
  3 frilled lizards
  6 kobolds
  6 rats
  A fungus (D:4)
211 creatures vanquished.

Vanquished Creatures (others)
  23 fulminant prisms
23 creatures vanquished.

Grand Total: 234 creatures vanquished

Notes
Turn   | Place    | Note
-------+----------+-------------------------------------------
     0 | D:1      | lorenzova the Deep Elf Conjurer began the quest for the Orb.
     0 | D:1      | Reached XP level 1. HP: 10/10 MP: 6/6
   244 | D:1      | Reached XP level 2. HP: 15/15 MP: 5/8
   275 | D:1      | Learned a level 2 spell: Searing Ray
   676 | D:1      | Reached skill level 4 in Spellcasting
  1027 | D:2      | Reached XP level 3. HP: 19/19 MP: 3/10
  1124 | D:2      | Reached skill level 5 in Conjurations
  1212 | D:2      | Noticed Sigmund
  1221 | D:2      | Killed Sigmund
  1221 | D:2      | Reached skill level 5 in Spellcasting
  1221 | D:2      | Reached XP level 4. HP: 6/24 MP: 3/13
  1221 | D:2      | Reached XP level 5. HP: 7/28 MP: 3/15
  1794 | D:2      | Found a hazy altar of Hepliaklqana.
  2025 | D:2      | Reached skill level 6 in Spellcasting
  2068 | D:2      | Learned a level 4 spell: Iskenderun's Mystic Blast
  2640 | D:3      | Reached XP level 6. HP: 32/32 MP: 14/17
  2646 | D:3      | Learned a level 4 spell: Fulminant Prism
  2800 | D:3      | Noticed Jessica
  2802 | D:3      | Killed Jessica
  2971 | D:4      | Reached skill level 1 in Hexes
  3260 | D:4      | Found a staircase to the Ecumenical Temple.
  3277 | Temple   | Entered the Ecumenical Temple
  3291 | Temple   | Became a worshipper of Sif Muna the Loreminder
  3597 | D:4      | Reached skill level 7 in Spellcasting
  3605 | D:4      | Reached XP level 7. HP: 36/36 MP: 6/19
  4246 | D:4      | Found a runed door.
  4250 | D:4      | Noticed Crazy Yiuf
  4252 | D:4      | Killed Crazy Yiuf
  4345 | D:5      | Entered Level 5 of the Dungeon
  4587 | D:5      | Reached * piety under Sif Muna
  4744 | D:5      | Reached skill level 8 in Spellcasting
  5536 | D:6      | Reached XP level 8. HP: 25/41 MP: 12/22
  5547 | D:6      | Reached ** piety under Sif Muna
  5547 | D:6      | Reached skill level 9 in Spellcasting
  6084 | D:6      | Found an opulent altar of Gozag.
  6212 | D:6      | Noticed Edmund
  6217 | D:6      | Killed Edmund
  6217 | D:6      | Reached skill level 10 in Spellcasting
  6220 | D:6      | Reached skill level 5 in Hexes
  6669 | D:6      | Reached XP level 9. HP: 44/45 MP: 21/25
  6737 | D:7      | Found Pithrehe's Weapon Emporium.
  6775 | D:7      | Reached *** piety under Sif Muna
  6951 | D:7      | Reached skill level 11 in Spellcasting
  6951 | D:7      | Reached skill level 10 in Conjurations
  7052 | D:7      | Found a shattered altar of Ashenzari.
  7176 | D:7      | Found a sparkling altar of Nemelex Xobeh.
  7514 | D:7      | Reached skill level 1 in Invocations
  7986 | D:8      | Found a shattered altar of Ashenzari.
  8094 | D:8      | Noticed Grum
  8100 | D:7      | Killed Grum
  8392 | D:7      | Reached **** piety under Sif Muna
  8754 | D:8      | Found a shimmering altar of Xom.
  8808 | D:8      | Reached XP level 10. HP: 40/50 MP: 18/27
  8911 | D:8      | Reached skill level 12 in Spellcasting
  9754 | D:9      | Reached skill level 5 in Invocations
  9807 | D:9      | Slain by an orc warrior

Skill      XL: |  1  2  3  4  5  6  7  8  9 10 |
---------------+-------------------------------+-----
Spellcasting   | 4 5 6 7 8 10 11 12 | 12.4
Conjurations   | 6 7 8 9 10 11 | 11.1
Hexes          | 2 3 5 7 |  7.5
Invocations    | 3 5 |  5.0
Dodging        | |  2.4
Stealth        | |  2.4

Action                   |  1- 3 |  4- 6 |  7- 9 | 10-12 || total
-------------------------+-------+-------+-------+-------++-------
Melee: Short sword       |       |       |    28 |    10 ||    38
 Cast: Magic Dart        |    40 |   101 |   165 |    36 ||   342
       Searing Ray       |     1 |     3 |     4 |     1 ||     9
       Iskenderun's Myst |       |     7 |    60 |    25 ||    92
       Fulminant Prism   |       |     4 |    15 |     4 ||    23
  Use: Scroll            |       |     3 |     2 |     3 ||     8
       Potion            |       |       |       |     1 ||     1
  Eat: Chunk             |     1 |     8 |    17 |     3 ||    29
Armor: Robe              |     2 |     2 |    16 |       ||    20
       Ring mail         |       |       |       |     4 ||     4
Dodge: Dodged            |     4 |     9 |    59 |    12 ||    84
